 Dungeon Crawl Stone Soup version 0.30-a0-297-g0ec75d9ef4 (webtiles) character file.

Game seed: 17298947661610614155

168 NinjaNoafa the Grasshopper (level 5, -3/61 HPs)
             Began as a Draconian Warper on Oct 19, 2022.
             Was a Follower of Sif Muna.
             Killed from afar by an orc wizard (10 damage)
             ... with a magic dart
             ... on level 3 of the Dungeon.
             The game lasted 00:06:04 (1584 turns).

NinjaNoafa the Grasshopper (Draconian Warper)       Turns: 1584, Time: 00:06:06

Health: -3/61      AC: 22    Str: 13    XL:     5   Next: 23%
Magic:  9/9        EV:  2    Int: 15    God:    Sif Muna [*.....]
Gold:   161        SH:  0    Dex: 11    Spells: 8/10 levels left

rFire   + . .      SeeInvis .    h - +3 dagger (venom)
rCold   + . .      Faith    .    (no shield)
rNeg    . . .      Spirit   .    (body armour unavailable)
rPois   +          Reflect  .    (helmet currently unavailable)
rElec   +          Harm     .    (cloak currently unavailable)
rCorr   +          Rampage  .    (gloves currently unavailable)
Will    .....      NoTele   +    (boots currently unavailable)
Stlth   +.........               t - amulet of the acrobat
HPRegen 0.30/turn                f - ring of poison resistance
MPRegen 0.11/turn                k - +4 ring of evasion

@: tree-form (expiring), resistant, hasted, very quick
A: stationary, stasis, torment immunity, boosted hp, AC +5, unfitting armour,
(cold-blooded)
a: Renounce Religion, Channel Magic


You were on level 3 of the Dungeon.
You worshipped Sif Muna.
Sif Muna was aware of your devotion.
You were a tree.
You visited 2 branches of the dungeon, and saw 5 of its levels.

You collected 161 gold pieces.

Inventory:

Hand Weapons
 h - a +3 dagger of venom (weapon)
Missiles
 b - 4 boomerangs of dispersal (quivered)
 g - 50 stones
Jewellery
 f - a ring of poison resistance (left branch)
 k - a +4 ring of evasion (right branch)
 t - an amulet of the acrobat (around neck)
Wands
 c - a wand of roots (12)
 m - a wand of flame (18)
Scrolls
 a - 2 scrolls of blinking
 i - 2 scrolls of teleportation
 j - 2 scrolls of poison
 n - a scroll of noise {unknown}
 o - a scroll of amnesia {unknown}
 q - a scroll of fear {unknown}


   Skills:
 - Level 2.1 Fighting
 - Level 0.8 Throwing
 - Level 2.1 Dodging
 - Level 2.0 Unarmed Combat
 - Level 3.0 Spellcasting
 - Level 5.0 Translocations
 + Level 1.9 Air Magic


You had 8 spell levels left.
You knew the following spells:

 Your Spells              Type           Power      Damage    Failure   Level
a - Blink                 Tloc           34%        N/A       3%          2

Your spell library contained the following spells:

 Spells                   Type           Power      Damage    Failure   Level
 Lesser Beckoning         Tloc           34%        N/A       8%          3
 Teleport Other           Tloc           17%        N/A       8%          3
 Vhi's Electric Charge    Tloc/Air       24%        N/A       14%         3
 Manifold Assault         Tloc           17%        N/A       26%         4
 Scorch                   Fire           4%         2d5       30%         2
 Flame Wave               Conj/Fire      2%         2d4       89%         4
 Summon Cactus Giant      Summ           1%         N/A       100%        6


Dungeon Overview and Level Annotations

Branches:
Dungeon (4/15)             Temple (1/1) D:4

Altars:
Ashenzari
Cheibriados
Dithmenos
Elyvilon
Fedhas
Gozag
Makhleb
Okawaru
Qazlal
Ru
Sif Muna
Uskayaw
Vehumet
Wu Jian
Xom
Yredelemnul

Shops:
D:1 [

Annotations:
D:4 2 transporters, lunkers's ghost, weakling AtRe


Innate Abilities, Weirdness & Mutations

You are a tree.
Your roots penetrate the ground, keeping you stationary.
You cannot be teleported.
You are immune to unholy pain and torment.
Your maximum health is greatly increased.
Your equipment is partially melded.
((Your plain brown scales are hard. (AC +5)))
You cannot fit into any form of body armour.
((You are cold-blooded and may be slowed by cold attacks.))


Message History

Throw: 6 boomerangs (disperse)
Press: ? - help, Q - select action, (/) - cycle Shift-Dir - straight line You throw a boomerang of dispersal.
The giant cockroach bites you but does no damage.
The orc hits you but does no damage.
The frilled lizard bites you but does no damage.
You hear some strange, mumbled words.
Something tries to affect you, but you resist.
The orc hits you but does no damage.
Throw: 5 boomerangs (disperse)
Press: ? - help, Q - select action, (/) - cycle Shift-Dir - straight line You throw a boomerang of dispersal.
The giant cockroach bites you.
* * * LOW HITPOINT WARNING * * *
The orc hits you but does no damage.
The frilled lizard bites you but does no damage.
Something hits you but does no damage. The orc hits you but does no damage.
You aren't carrying any potions.
Unknown command.
As you read the scroll labelled KAGOLUR FEUTE, it crumbles to dust.
The scroll dissolves into smoke.
It was a scroll of fog.
The giant cockroach bites you but does no damage.
The orc hits you but does no damage.
The frilled lizard bites you but does no damage.
You hear some strange, mumbled words.
A puff of flame appears from out of thin air!
The puff of flame hits you but does no damage.
You resist. The orc hits you with a +0 short sword.
* * * LOW HITPOINT WARNING * * *
As you read the scroll labelled ELEOVE NOWOE, it crumbles to dust.
You feel a strange sense of stasis.
It was a scroll of teleportation.
Your transformation is almost over.
The giant cockroach bites you but does no damage.
The air fills with toxic fumes!
As you read the scroll labelled RYKERH XUQEG, it crumbles to dust.
It was a scroll of poison.
You hear some strange, mumbled words.
A magic dart appears from out of thin air!
The magic dart hits you!
You die...

..........####.###....
.###.#.#### #.# . .#
#.#.# #####.# . <# #.#.#
#.....# #####.. .# #.#.#
#.##### §§§.... .###.#.#
#.....##§§.....
.....#.#######§§§§§.....
#.............§loB§.....
#.....#.......§§♣§§.....
#.....# ......§o§{§§§§§§
......# ......§§§§§§§§§§
.....## ######...§§§§§§§
....#..§§ .#..§§§§§§§
....#.≈≈≈ ≈.#..§§§§§§§
....#≈§§≈§ ..≈#..§§§§§§§
....# ≈.§.≈. #..§§§§§§§
....# ≈._


You could see 2 orcs, a giant cockroach and a frilled lizard.

Vanquished Creatures
  An orc wizard (D:3)
  7 adders
  A worm (D:2)
  2 dart slugs (D:1)
  3 orcs (D:3)
  8 ball pythons
  6 bats
  6 endoplasms
  4 giant cockroaches
  8 goblins
  4 hobgoblins
  4 jackals (D:2)
  2 quokkas
  2 frilled lizards
  5 kobolds
  4 rats (D:2)
67 creatures vanquished.

Notes
Turn   | Place    | Note
-------+----------+-------------------------------------------
     0 | D:1      | NinjaNoafa the Draconian Warper began the quest for the
                  | Orb.
     0 | D:1      | Reached XP level 1. HP: 17/17 MP: 3/3
    68 | D:1      | Reached XP level 2. HP: 20/24 MP: 5/5
   206 | D:1      | Found a faded altar of an unknown god.
   363 | D:1      | Learned a level 2 spell: Blink
   544 | D:1      | Found Iraibeac's Antique Armour Shoppe.
   619 | D:2      | Reached XP level 3. HP: 26/29 MP: 5/7
   764 | D:2      | Reached skill level 4 in Translocations
   802 | D:2      | You fall into a shaft and drop 2 floors!
   803 | D:4      | Found a staircase to the Ecumenical Temple.
   815 | Temple   | Entered the Ecumenical Temple
   860 | Temple   | Became a worshipper of Sif Muna the Loreminder
   897 | D:4      | Found a transporter.
   904 | D:4      | Noticed lunkers's ghost (weakling AtRe)
   918 | D:4      | Found a transporter.
   961 | D:4      | Found a stormy altar of Qazlal.
  1033 | D:3      | Found a shadowy altar of Dithmenos.
  1056 | D:3      | Reached XP level 4. HP: 36/36 MP: 8/8
  1082 | D:3      | Found a burning altar of Makhleb.
  1262 | D:2      | Reached * piety under Sif Muna
  1275 | D:2      | Found an ornate altar of the Wu Jian Council.
  1282 | D:2      | Reached skill level 5 in Translocations
  1546 | D:3      | Reached skill level 1 in Air Magic
  1549 | D:3      | Reached XP level 5. HP: 40/41 MP: 9/9
  1567 | D:3      | HP: 3/61 [orc/+0 flail (6)]
  1584 | D:3      | Killed from afar by an orc wizard

Illustrated notes

Levels and vault maps discovered:
D:1:      dpeg_arrival_connections, layout_rooms, serial_shops, shop,
          ebering_ecumenical_altar_box
D:2:      minmay_angry_zag, layout_rooms, basic_altar
D:3:      layout_basic, nicolae_dithmenos_the_darkroom,
          mainiacjoe_overflow_paths
D:4:      layout_rooms, mainiacjoe_overflow_concentric_impassable,
          minmay_temple_entry_fiery, gammafunk_ghost_stat_death
Temple:   nicolae_temple_ecumenical_triangle

Skill      XL: |  1  2  3  4 |
---------------+-------------+-----
Spellcasting   | 3 |  3.0
Translocations | 4 5 |  5.0
Air Magic      | 1 |  1.9
Fighting       | |  2.1
Throwing       | |  0.8
Dodging        | |  2.1
Unarmed Combat | |  2.0

Action                   |  1- 3 |  4- 6 || total
-------------------------+-------+-------++-------
Melee: Unarmed           |    12 |       ||    12
       Dagger            |    99 |    92 ||   191
       Tailslap          |    16 |     9 ||    25
       Punch             |     1 |       ||     1
Throw: Boomerang         |       |     3 ||     3
  Use: Potion            |       |     5 ||     5
       Scroll            |       |     3 ||     3
 Stab: Sleeping          |     1 |     1 ||     2
Armor: Skin              |    54 |   108 ||   162
Dodge: Dodged            |   106 |   132 ||   238

Table legend: (Time is in decaauts)
 A = Elapsed time spent in this place.
 B = Non-inter-level travel time spent in this place.
 C = Inter-level travel time spent in this place.
 D = Time resting spent in this place.
 E = Time spent auto-exploring this place.
 F = Levels seen in this place.
 G = Mean time per level.
                   A        B        C        D        E       F      G
               +--------+--------+--------+--------+--------+-----+--------+
         Total |   1577 |   1509 |     68 |      0 |    993 |   5 |  315.4 |
       Dungeon |   1518 |   1462 |     56 |      0 |    965 |   4 |  379.5 |
        Temple |     58 |     46 |     12 |      0 |     28 |   1 |   58.0 |
               +--------+--------+--------+--------+--------+-----+--------+

Top non-repeatable levels by time:
     D:2: 619 daAuts
     D:1: 565 daAuts
     D:3: 229 daAuts
     D:4: 104 daAuts
  Temple: 58 daAuts
